 Dungeon Crawl Stone Soup version 0.17.1-1-g73c8601 (console) character file.

107515 Kloppie the Severer (level 16, -4/210 HPs)
             Began as a Hill Orc Fighter on Dec 14, 2015.
             Was an Elder of Elyvilon.
             Killed by angry trees
             ... awakened by a spriggan druid
              (14 damage)
             ... on level 3 of the Swamp.
             The game lasted 01:00:47 (31207 turns).

Kloppie the Severer (Hill Orc Fighter)             Turns: 31207, Time: 01:00:47

Health: -4/210     AC: 20    Str: 26    XL:     16   Next: 47%
Magic:  41/41      EV: 10    Int:  8    God:    Elyvilon [****..]
Gold:   3143       SH:  0    Dex: 10    Spells: 0 memorised, 15 levels left

rFire  + . .     SeeInvis .     a - +3 battleaxe (chop)
rCold  . . .     Clarity  .     J - +4 ring mail of the Hidden Realms {rF+ rN+}
rNeg   + + .     SustAt   .     (shield currently unavailable)
rPois  .         Gourm    .     c - +0 hat {MR+}
rElec  .         Spirit   .     A - +2 cloak
rCorr  +         Warding  .     G - +0 pair of gloves
rMut   .         Stasis   .     q - +2 pair of boots
MR     +++..                    d - amulet of resist corrosion
Stlth  ..........               n - ring of positive energy
                                K - ring of protection from magic

@: lethally poisoned (-4 -> -10), divinely vigorous, drained, extremely
resistant to hostile enchantments, extremely unstealthy
A: no striking features
a: Lesser Healing, Heal Other, Purification, Greater Healing, Divine Protection,
Renounce Religion


You were on level 3 of the Swamp.
You worshipped Elyvilon.
Elyvilon was greatly pleased with you.
You were not hungry.

You visited 5 branches of the dungeon, and saw 26 of its levels.
You also visited: Ossuary and Bailey.

You collected 3199 gold pieces.
You spent 56 gold pieces at shops.

Inventory:

Hand Weapons
 a - a +3 battleaxe of chopping (weapon)
Armour
 c - a +0 hat of magic resistance (worn)
 q - a +2 pair of boots (worn)
 A - a +2 cloak (worn)
 G - a +0 pair of gloves (worn)
 J - the +4 ring mail of the Hidden Realms (worn) {rF+ rN+}
   (You found it on level 8 of the Lair of Beasts)

   It protects you from fire.
   It protects you from negative energy.
Jewellery
 d - an amulet of resist corrosion (around neck)
 f - an uncursed ring of see invisible
 g - an uncursed ring of protection from cold
 n - a ring of positive energy (right hand)
 B - an uncursed amulet of resist mutation
 K - a ring of protection from magic (left hand)
 M - an uncursed ring of teleportation
 U - an uncursed ring of sustain attributes
Wands
 v - a wand of hasting (1)
 z - a wand of disintegration (21)
 H - a wand of digging (16)
 N - a wand of magic darts (31)
Scrolls
 b - a scroll of fog
 j - 8 scrolls of remove curse
 r - a scroll of holy word
 u - 3 scrolls of identify
 w - 2 scrolls of magic mapping
 x - 4 scrolls of enchant armour
 y - 3 scrolls of enchant weapon
 D - 4 scrolls of teleportation
 F - 5 scrolls of immolation
 I - a scroll of fear
 L - a scroll of vulnerability {unknown}
 O - 3 scrolls of recharging
 P - 4 scrolls of blinking
Potions
 h - 4 potions of haste
 i - 2 potions of brilliance
 o - 3 potions of cancellation
 p - 2 potions of agility
 s - a potion of cure mutation
 t - 3 potions of ambrosia
 C - 2 potions of resistance
 E - 10 potions of curing
Miscellaneous
 m - a phantom mirror
Comestibles
 e - 9 bread rations
 l - 4 meat rations


   Skills:
 - Level 15.6(15.5) Fighting
 - Level 20.0(19.9) Axes
 - Level 12.9(12.7) Armour
   Level 3.2 Shields
 + Level 19.7(19.6) Invocations


You had 15 spell levels left.
You didn't know any spells.

Dungeon Overview and Level Annotations

Branches:
Dungeon (10/15)            Temple (1/1) D:5            Lair (8/8) D:9
  Swamp (3/4) Lair:4        Snake (0/4) Lair:6        Slime (0/6) Lair:7
    Orc (4/4) D:10            Elf (0/3) Orc:3

Altars:
Ashenzari
Dithmenos
Elyvilon
Fedhas
Makhleb
Nemelex Xobeh
Qazlal
Ru
Trog
Xom
The Shining One
Beogh
Jiyva

Shops:
D:6 *   Orc:1 *   Orc:4 ([*(

Annotations:
D:5 2 runed doors


Message History

The spriggan druid is engulfed in spectral mist.
The spriggan druid casts a spell.
The spriggan druid is healed somewhat.
A swamp drake comes into view.
You are engulfed in spectral mist.
* * * LOW HITPOINT WARNING * * *
You feel sick.
The ghost crab breathes ghostly flame at you.
The spectral mist engulfs you!
The spectral six-headed hydra barely misses you. x2
The spectral six-headed hydra bites you but does no damage. x3
The spectral six-headed hydra bites you.
* * * LOW HITPOINT WARNING * * *
The spriggan druid is engulfed in spectral mist.
The spriggan druid casts a spell.
The spriggan druid is healed somewhat.
You see here a spiny frog corpse.
You are engulfed in spectral mist.
You feel sick. A tree reaches out and hits you!
You die...

♣♣♣♣§≈.≈≈≈....♣
♣.≈≈≈..
≈≈...≈≈≈≈≈..♣♣♣
♣.≈≈≈..
≈≈...≈≈≈≈≈.♣♣♣
♣......
≈[.≈≈≈≈≈≈...♣♣
♣≈..≈≈.
♣.≈≈≈≈...≈≈.♣
♣♣♣§≈≈
♣..≈....≈≈≈♣ ♣♣♣.
♣♣♣♣♣§..≈≈§≈≈♣
♣...
♣♣.≈.♣♣§t§§≈≈♣♣
♣.≈≈
♣.≈≈≈§i@§Z≈≈≈≈♣
♣♣§♣
♣≈≈≈≈.§≈Z§§≈≈≈♣
♣♣♣
♣..≈≈..≈Z§§≈Zk≈♣
≈.≈≈≈≈≈≈≈≈≈.≈≈.≈.
..≈≈≈≈≈≈≈≈.≈.≈≈≈.
...≈≈≈≈≈≈≈.)...♣
..>.≈.D≈≈≈..≈..≈
≈...>.♣≈..♣♣♣♣♣♣


You could see a seven-headed hydra, a ghost crab, a spriggan druid, a spectral
six-headed hydra, a spectral spiny frog, a spectral snapping turtle, a spectral
water nymph and a swamp drake.

Vanquished Creatures
  Rupert (Lair:3)
  Gastronok (D:10)
  Maud (Lair:6)
  An orc warlord (Orc:3)
  Louise (Swamp:2)
  The ghost of subsebi the Cruncher, a journeyman DsCK of Xom (Lair:8)
  Snorg (Lair:5)
  Erolcha (Orc:3)
  Josephine (D:10)
  Harold (D:10)
  The ghost of HughJohnson the Severer, a journeyman DDBe of Trog (D:10)
  A catoblepas (Lair:8)
  A centaur warrior (D:8)
  A ghost crab (Swamp:2)
  Erica (D:9)
  4 ogre magi (Orc:4)
  4 alligators
  17 death yaks
  A deep troll shaman (Lair:8)
  A tengu warrior (D:9)
  An orc high priest (Orc:3)
  A deep elf knight (D:9)
  Sonja (D:9)
  A fire crab (Lair:8)
  A spriggan druid (Swamp:3)
  A swamp dragon (Swamp:3)
  2 lindwurms
  3 wizards (D:9)
  4 orc knights
  Pikel (D:4)
  2 hill giants
  2 orc sorcerers
  21 elephants
  Maurice (D:10)
  15 spiny frogs
  Joseph (D:8)
  7 black mambas
  12 komodo dragons
  5 fire drakes
  The ghost of Kloppie the Chopper, an amateur HOFi of Elyvilon (D:5)
  3 polar bears
  The ghost of Musteatbrain the Skirmisher, an amateur DsFi (Ossuary)
  3 giant leeches
  Grinder (D:6)
  A tengu conjurer (D:9)
  A troll (Orc:3)
  14 two-headed ogres (Orc:4)
  9 blink frogs
  2 shadows
  12 slime creatures
  7 bog bodies
  A deep elf mage (D:9)
  4 wraiths (D:10)
  27 yaks
  A wyvern (Lair:8)
  2 basilisks
  9 hippogriffs
  14 wolves
  A steam dragon (Lair:8)
  10 swamp worms
  6 wargs
  7 vampire mosquitoes
  19 water moccasins
  16 insubstantial wisps
  A mottled dragon (Lair:8)
  4 ice beasts
  20 porcupines
  A sky beast (D:8)
  A necrophage (D:9)
  4 swamp drakes
  25 orc warriors
  2 phantoms (D:7)
  3 black bears
  6 centaurs
  15 crocodiles
  29 ogres
  2 wasps
  Blork the orc (D:6)
  2 big kobolds
  6 elf zombies (Ossuary)
  21 giant frogs
  3 scorpions
  A gnoll sergeant (D:5)
  9 killer bees
  4 wights (D:8)
  An electric eel (Lair:4)
  4 crimson imps
  A giant frog zombie (D:5)
  14 hounds
  3 jellies
  28 orc priests
  26 orc wizards
  12 worker ants
  7 iguanas
  3 killer bee zombies
  29 sheep
  A big kobold zombie (Ossuary)
  A hound zombie (D:8)
  2 mummies (Ossuary)
  A worker ant zombie (D:8)
  A gnoll (D:8)
  17 adders
  64 river rats
  3 shadow imps
  An ooze (D:4)
  2 adder skeletons
  An adder zombie (D:5)
  3 worms
  2 giant geckos
  223 orcs
  10 bats
  3 giant cockroaches
  8 hobgoblins
  6 jackals
  A ball python (D:1)
  A giant cockroach zombie (D:6)
  6 giant newts
  7 goblins
  3 goblin zombies (Ossuary)
  7 hobgoblin zombies (Ossuary)
  A jackal zombie (Ossuary)
  28 kobolds
  6 kobold zombies (Ossuary)
  12 orc zombies (Ossuary)
  2 quokkas
  A quokka skeleton (D:4)
  3 rats
  A rat zombie (Ossuary)
  10 fungi
  9 plants
1031 creatures vanquished.

Vanquished Creatures (others)
  A shambling mangrove (Swamp:3)
  A spiny frog (Swamp:2)
  3 insubstantial wisps (Swamp:2)
  A porcupine (Lair:1)
  A slave (D:5)
  A wasp (Swamp:2)
  An adder (D:5)
  An orc (D:10)
  A bush (Lair:5)
  15 fungi
  10 plants
36 creatures vanquished.

Grand Total: 1067 creatures vanquished

Notes
Turn   | Place    | Note
--------------------------------------------------------------
     0 | D:1      | Kloppie the Hill Orc Fighter began the quest for the Orb.
     0 | D:1      | Reached XP level 1. HP: 19/19 MP: 1/1
   232 | D:1      | Reached skill level 4 in Fighting
   232 | D:1      | Reached XP level 2. HP: 21/27 MP: 2/2
   701 | D:2      | Reached XP level 3. HP: 30/33 MP: 3/3
  1206 | D:2      | Reached XP level 4. HP: 38/41 MP: 4/4
  1510 | D:3      | Reached skill level 5 in Fighting
  1510 | D:3      | Reached skill level 5 in Axes
  1752 | D:3      | Reached XP level 5. HP: 41/48 MP: 5/5
  2425 | D:3      | Reached skill level 6 in Fighting
  2425 | D:3      | Reached XP level 6. HP: 49/57 MP: 6/6
  2446 | D:3      | Found a glowing golden altar of the Shining One.
  3266 | D:4      | Reached skill level 7 in Axes
  3331 | D:4      | Reached XP level 7. HP: 57/66 MP: 7/7
  3456 | D:4      | Found a sand-covered staircase.
  3460 | Ossuary  | Entered an ossuary
  3538 | Ossuary  | Noticed Musteatbrain's ghost (amateur DsFi)
  3547 | Ossuary  | Killed Musteatbrain's ghost
  3547 | Ossuary  | Reached skill level 8 in Axes
  3593 | Ossuary  | Reached XP level 8. HP: 47/74 MP: 8/8
  3660 | Ossuary  | Reached skill level 9 in Axes
  3865 | D:5      | Entered Level 5 of the Dungeon
  3897 | D:5      | Found a burning altar of Makhleb.
  3898 | D:5      | Noticed Pikel
  3898 | D:5      | Noticed Kloppie's ghost (amateur HOFi)
  3920 | D:4      | Killed Pikel
  3920 | D:4      | Reached skill level 10 in Axes
  3936 | D:4      | Reached skill level 16 in Axes
  3936 | D:4      | Reached XP level 9. HP: 81/85 MP: 9/9
  3943 | D:4      | Reached skill level 10 in Fighting
  4235 | D:6      | Reached XP level 10. HP: 93/93 MP: 10/10
  4236 | D:6      | Noticed Blork the orc
  4250 | D:6      | Killed Blork the orc
  4364 | D:6      | Noticed Grinder
  4370 | D:6      | Killed Grinder
  4599 | D:6      | Found a sparkling altar of Nemelex Xobeh.
  4603 | D:6      | Found Xagaggyc's Assorted Antiques.
  4617 | D:6      | Bought a scroll labeled KYAMIM ZUZXUN for 31 gold pieces
  4617 | D:6      | Identified a scroll of acquirement
  4776 | D:7      | Reached skill level 17 in Axes
  4901 | D:7      | Found a flagged portal.
  4915 | Bailey   | Entered a bailey
  4948 | Bailey   | Noticed an orc knight
  4948 | Bailey   | Noticed an orc knight
  4956 | Bailey   | HP: 1/139 [orc warrior/hand axe (9)]
  4961 | Bailey   | Killed an orc knight
  4963 | Bailey   | Killed an orc knight
  5075 | Bailey   | Found an iron altar of Okawaru.
  5520 | D:7      | Found a stormy altar of Qazlal.
  5565 | D:7      | Reached skill level 18 in Axes
  6253 | D:5      | Killed Kloppie's ghost
  6253 | D:5      | Reached skill level 5 in Armour
  6253 | D:5      | Reached XP level 11. HP: 89/101 MP: 11/11
  6362 | D:5      | Found a large runed door.
  6365 | D:5      | Found a large runed door.
  6422 | D:5      | Found a large runed door.
  6422 | D:5      | Found a large runed door.
  6681 | D:5      | Found a staircase to the Ecumenical Temple.
  6853 | Temple   | Entered the Ecumenical Temple
  6866 | Temple   | Became a worshipper of Elyvilon the Healer
  7145 | D:8      | Reached skill level 1 in Invocations
  7313 | D:8      | Noticed Joseph
  7330 | D:8      | Killed Joseph
  7393 | D:8      | Noticed a centaur warrior
  7407 | D:8      | Noticed a hill giant
  7412 | D:8      | Killed a centaur warrior
  7412 | D:8      | Reached skill level 5 in Invocations
  7417 | D:8      | Killed a hill giant
  8099 | D:8      | Found a blossoming altar of Fedhas.
  8650 | D:9      | Found a staircase to the Lair.
  8866 | D:9      | Reached * piety under Elyvilon
  8866 | D:9      | Noticed a tengu warrior
  8883 | D:9      | Killed a tengu warrior
  9259 | Lair:1   | Entered Level 1 of the Lair of Beasts
  9269 | Lair:1   | Reached XP level 12. HP: 73/112 MP: 18/18
  9575 | Lair:1   | Noticed a four-headed hydra
  9623 | D:10     | Entered Level 10 of the Dungeon
  9623 | D:10     | Noticed Harold
  9623 | D:10     | Noticed HughJohnson's ghost (journeyman DDBe)
  9670 | D:10     | Noticed Erica
 10078 | D:10     | Noticed Sonja
 10085 | D:10     | Noticed Josephine
 10527 | D:9      | Killed Sonja
 11165 | Lair:2   | Noticed a five-headed hydra
 11315 | Lair:3   | Reached ** piety under Elyvilon
 11579 | Lair:3   | Noticed a five-headed hydra
 11582 | Lair:3   | Pacified a five-headed hydra
 11663 | Lair:3   | Noticed Rupert
 11682 | Lair:3   | Killed Rupert
 11682 | Lair:3   | Reached skill level 15 in Fighting
 12642 | Lair:4   | Found a staircase to the Swamp.
 12921 | Lair:4   | Noticed a five-headed hydra
 12923 | Lair:4   | Pacified a five-headed hydra
 12923 | Lair:4   | Reached XP level 13. HP: 97/128 MP: 16/19
 13000 | Lair:5   | Noticed Snorg
 13164 | Lair:2   | Reached *** piety under Elyvilon
 13523 | Lair:2   | Pacified a five-headed hydra
 13877 | Lair:1   | Pacified a four-headed hydra
 14031 | Lair:1   | Reached skill level 19 in Axes
 14429 | Lair:1   | Noticed an eight-headed hydra
 14431 | Lair:1   | Pacified an eight-headed hydra
 15220 | Lair:6   | Noticed Maud
 15238 | Lair:6   | Killed Maud
 15554 | Lair:6   | Reached **** piety under Elyvilon
 15648 | Lair:6   | Reached skill level 20 in Axes
 16239 | Lair:6   | Found a staircase to the Snake Pit.
 17595 | Lair:7   | Reached XP level 14. HP: 105/136 MP: 20/20
 17863 | Lair:7   | Found a viscous altar of Jiyva.
 17864 | Lair:7   | Found a staircase to the Slime Pits.
 17933 | Lair:7   | Reached ***** piety under Elyvilon
 18080 | Lair:6   | Reached skill level 10 in Armour
 19140 | Lair:5   | Killed Snorg
 20864 | D:9      | Killed Erica
 21005 | D:10     | Reached skill level 10 in Invocations
 21087 | D:10     | Killed Harold
 21672 | D:10     | Killed HughJohnson's ghost
 21858 | D:10     | Noticed Gastronok
 21882 | D:10     | Killed Gastronok
 21939 | D:10     | Killed Josephine
 21941 | D:10     | Noticed Maurice
 21964 | D:10     | Found a staircase to the Orcish Mines.
 22152 | D:10     | Killed Maurice
 22306 | Orc:1    | Entered Level 1 of the Orcish Mines
 22356 | Orc:1    | Found Ycvoymoi's Assorted Antiques.
 22365 | Orc:1    | Bought a scroll labeled OLOS LOAVAINIEFUIT for 25 gold pieces
 22465 | Orc:1    | Found a roughly hewn altar of Beogh.
 22659 | Orc:3    | Found a staircase to the Elven Halls.
 22759 | Orc:3    | Noticed Erolcha
 22766 | Orc:3    | Killed Erolcha
 23151 | Orc:1    | Reached XP level 15. HP: 135/143 MP: 24/24
 23255 | Orc:2    | Found a roughly hewn altar of Beogh.
 23564 | Orc:4    | Entered Level 4 of the Orcish Mines
 24384 | Orc:4    | Found a roughly hewn altar of Beogh.
 24433 | Orc:4    | Found Zugh's Weapon Shop.
 25207 | Orc:4    | Reached skill level 15 in Invocations
 25237 | Orc:4    | Found Osipuyggo's Armour Shop.
 25241 | Orc:4    | Found Esea's Jewellery Emporium.
 25241 | Orc:4    | Found Ukubom's General Store.
 25241 | Orc:4    | Found Soptanul's Antique Weapon Shoppe.
 25514 | Orc:3    | Found a bloodstained altar of Trog.
 25811 | Lair:8   | Entered Level 8 of the Lair of Beasts
 25871 | Lair:8   | Noticed subsebi's ghost (journeyman DsCK)
 25889 | Lair:8   | Killed subsebi's ghost
 27216 | Lair:8   | Got a heavily runed ring mail
 27677 | Lair:1   | Identified the +4 ring mail of the Hidden Realms {rF+ rN+} (You found it on level 8 of the Lair of Beasts)
 27864 | Swamp:1  | Entered Level 1 of the Swamp
 27872 | Swamp:1  | Reached XP level 16. HP: 118/150 MP: 28/28
 28838 | Swamp:2  | Noticed Louise
 28861 | Swamp:2  | Killed Louise
 31207 | Swamp:3  | HP: 10/210 [poisoned by a spiny frog]
 31207 | Swamp:3  | Killed from afar by a spriggan druid

Action                   |  1- 3 |  4- 6 |  7- 9 | 10-12 | 13-15 | 16-18 || total
-------------------------+-------+-------+-------+-------+-------+-------++-------
Melee: War axe           |   118 |   195 |   155 |    27 |       |       ||   495
       Broad axe         |       |       |       |   595 |       |       ||   595
       Battleaxe         |       |       |       |    67 |  1297 |   296 ||  1660
Invok: Heal Other        |       |       |       |     3 |     6 |     4 ||    13
       Divine Vigour     |       |       |       |       |     3 |     1 ||     4
       Greater Healing   |       |       |       |       |       |    10 ||    10
       Purification      |       |       |       |       |       |     1 ||     1
Evoke: Wand              |       |       |       |     3 |     1 |       ||     4
  Use: Potion            |       |     1 |     2 |    13 |     3 |     1 ||    20
       Scroll            |       |       |    15 |    16 |     5 |       ||    36
  Eat: Chunk             |     1 |     7 |     1 |    23 |    26 |     4 ||    62
       Beef jerky        |       |       |     1 |       |     4 |     1 ||     6
       Pizza             |       |       |       |     4 |     1 |     1 ||     6
       Fruit             |       |       |       |       |     8 |       ||     8
       Bread ration      |       |       |       |       |     2 |     1 ||     3
       Meat ration       |       |       |       |       |     1 |     1 ||     2
       Royal jelly       |       |       |       |       |       |     1 ||     1
